 Dungeon Crawl Stone Soup version bcrawl-1.21.2-28-g2cb1824106 (webtiles) character file.

Game seed: 1711492666745936178

9 McKennaii the Firebug (level 2, -1/20 HPs)
             Began as a Djinni Fire Elementalist on Mar 12, 2020.
             Slain by a rat (2 damage)
             ... on level 1 of the Dungeon.
             The game lasted 00:01:38 (300 turns).

McKennaii the Firebug (Djinni Fire Elementalist)     Turns: 300, Time: 00:01:39

Health: -1/20      AC:  2    Str: 10    XL:     2   Next: 6%
Magic:  0/6        EV: 12    Int: 17    God:
Gold:   0          SH:  0    Dex: 11    Spells: 6/7 levels left

rFire    . . .     SeeInvis .   (no weapon)
rCold    . . .     Gourm    .   (no shield)
rNeg     . . .     Faith    .   a - +0 robe
rPois    .         Spirit   .   (no helmet)
rElec    .         Reflect  .   (no cloak)
rCorr    .         Harm     .   (no gloves)
MR       .....     Rnd*Rage +   (boots unavailable)
Stlth    ++........             (no amulet)
HPRegen  0.06/turn              (no ring)
MPRegen  0.10/turn              (no ring)

@: flying
A: never pass out, berserk 2, blurry vision 2, wild magic 1, MP-powered wands,
floating
a: no special abilities


You were on level 1 of the Dungeon.
You were not hungry.

You visited 1 branch of the dungeon, and saw 1 of its levels.

Inventory:

Armour
 a - a +0 robe (worn)
Jewellery
 f - an uncursed ring of see invisible {unknown}
Scrolls
 c - a scroll of immolation {unknown}
Potions
 b - a potion of berserk rage {unknown}
 d - a potion of curing {unknown}
Comestibles
 e - a ration {!d}


   Skills:
 + Level 2.0 Dodging
 - Level 1.5 Stealth
 + Level 3.1 Spellcasting
 + Level 1.1 Conjurations
 + Level 4.2 Fire Magic


You had 6 spell levels left.
You knew the following spells:

 Your Spells              Type           Power        Failure   Level  Hunger
a - Flame Tongue          Conj/Fire      ###..        10%         1    None

Your spell library contained the following spells:

 Spells                   Type           Power        Failure   Level  Hunger
 Flaming Arrows           Chrm/Fire      ##......     16%         2    ##.....
 Conjure Flame            Conj/Fire      ###.....     24%         3    ###....
 Inner Flame              Hex/Fire       N/A          30%         3    ###....
 Sticky Flame             Conj/Fire      ###.....     58%         4    ####...
 Fireball                 Conj/Fire      ###.......   89%         5    ######.


Dungeon Overview and Level Annotations

Branches:
Dungeon (1/12)

Altars:


Innate Abilities, Weirdness & Mutations

You never pass out after going berserk.
You often lose your temper in combat.
Scrolls take you longer to read.
Your spells are a little harder to cast, but a little more powerful.
You expend magic power (3 MP) to strengthen your wands.
Your body floats in the air.


Message History

The rat closely misses you.
You closely miss the rat. The rat bites you.
* * * LOW HITPOINT WARNING * * *
The rat bites you.
* * * LOW HITPOINT WARNING * * *
You closely miss the rat. The rat barely misses you. The rat misses you.
You hit the rat.
The rat is severely wounded.
The rat bites you but does no damage. The rat bites you.
* * * LOW HITPOINT WARNING * * *
A goblin comes into view.
Casting: Flame Tongue (safe; 10% risk of failure)
Confirm with . or Enter, or press ? or * to list all spells.
Aiming: Flame Tongue (safe; 10% risk of failure)
Press: ? - help, Shift-Dir - straight line, f/p - rat
Aim: a rat (severely wounded)
The flame tongue hits the rat!
You kill the rat!
The rat bites you.
You die...

.......# .......#
.......# .......+
.......# .......###
.........##
.......#..#########
#..............r@.#
#........<........#
..###############...#
..# ..r. ...# ..#
..... ...# ..##....K.
...# .#†..r...( #.g.
..##...r.. .... ..#
.....


You could see a goblin and a rat.

Vanquished Creatures
  A goblin (D:1)
  A hobgoblin (D:1)
  A bat (D:1)
  9 rats (D:1)
12 creatures vanquished.

Notes
Turn   | Place    | Note
-------+----------+-------------------------------------------
     0 | D:1      | McKennaii the Djinni Fire Elementalist began the quest for
                  | the Orb.
     0 | D:1      | Reached XP level 1. HP: 14/14 MP: 4/4
   203 | D:1      | Reached skill level 4 in Fire Magic
   258 | D:1      | Reached XP level 2. HP: 13/20 MP: 0/6
   297 | D:1      | HP: 1/20 [rat (3)]
   300 | D:1      | Slain by a rat

Skill      XL: |  1 |
---------------+----+-----
Fire Magic     | 4 |  4.2
Dodging        | |  2.0
Stealth        | |  1.5
Spellcasting   | |  3.1
Conjurations   | |  1.1

Action                   || total
-------------------------++-------
Melee: Unarmed           ||    14
 Cast: Flame Tongue      ||    17
Armor: Robe              ||     6
Dodge: Dodged            ||    13
